 Dungeon Crawl Stone Soup version 0.19.1 (webtiles) character file.

244 snakesoul the Firebug (level 5, -1/28 HPs)
             Began as a Deep Elf Fire Elementalist on Dec 3, 2016.
             Slain by Sigmund
             ... wielding a +1 scythe of slicing
              (8 damage)
             ... on level 3 of the Dungeon.
             The game lasted 00:12:23 (3950 turns).

snakesoul the Firebug (Deep Elf Fire Elementalist)  Turns: 3950, Time: 00:12:24

Health: -1/28      AC:  2    Str:  8    XL:     5   Next: 83%
Magic:  4/13       EV: 12    Int: 21    God:
Gold:   94         SH:  0    Dex: 15    Spells: 3 memorised, 5 levels left

rFire  . . .     SeeInvis .     w - +0 dagger (venom)
rCold  . . .     Gourm    .     a - +0 robe
rNeg   . . .     Faith    .     (no shield)
rPois  .         Spirit   .     (no helmet)
rElec  .         Reflect  .     (no cloak)
rCorr  .         Harm     .     (no gloves)
MR     .....                    (no boots)
Stlth  ++........               q - amulet of regeneration
                                (no ring)
                                m - +3 ring of strength

@: drained
A: no striking features
a: no special abilities


You were on level 3 of the Dungeon.
You were not hungry.

You visited 1 branch of the dungeon, and saw 3 of its levels.

You collected 94 gold pieces.

Inventory:

Hand Weapons
 w - a +0 dagger of venom (weapon)
Armour
 a - a +0 robe (worn)
Jewellery
 m - a +3 ring of strength (left hand)
 q - an amulet of regeneration (around neck)
Wands
 k - a wand of teleportation (6/9)
Scrolls
 d - a scroll of magic mapping {unknown}
 j - a scroll of enchant armour {unknown}
 n - a scroll of teleportation {unknown}
 p - 2 scrolls of identify {unknown}
 s - a scroll of recharging {unknown}
 t - a scroll of enchant weapon {unknown}
 u - a scroll of immolation {unknown}
Potions
 e - a potion of mutation {unknown}
 h - a potion of curing {unknown}
 l - 3 potions of might {unknown}
 o - a potion of heal wounds {unknown}
 r - a potion of brilliance {unknown}
Books
 b - a book of Flames

   Spells                             Type                      Level
   a - Flame Tongue                   Conjuration/Fire             1
   b - Throw Flame                    Conjuration/Fire             2
   c - Conjure Flame                  Conjuration/Fire             3
   d - Inner Flame                    Hexes/Fire                   3
   e - Sticky Flame                   Conjuration/Fire             4
   f - Fireball                       Conjuration/Fire             5
Comestibles
 c - 3 bread rations
 g - 4 meat rations
 i - 4 fruits


   Skills:
 - Level 2.4(1.5) Dodging
 - Level 2.4(1.5) Stealth
 + Level 4.6(3.6) Spellcasting
 * Level 4.3(3.4) Conjurations
 + Level 4.9(3.9) Fire Magic


You had 5 spell levels left.
You knew the following spells:

 Your Spells              Type           Power        Failure   Level  Hunger
a - Flame Tongue          Conj/Fire      ###..        2%          1    None
b - Conjure Flame         Conj/Fire      ###.....     10%         3    ###....
c - Sticky Flame          Conj/Fire      ###.....     28%         4    ####...


Dungeon Overview and Level Annotations

Branches:
Dungeon (3/15)

Altars:
Cheibriados
Nemelex Xobeh
Qazlal

Annotations:
D:3 Sigmund


Message History

Press: ? - help, Shift-Dir - straight line, f/p - Sigmund
Aim: Sigmund, wielding a scythe of slicing and wearing a robe (heavily wounded)
The flame tongue misses Sigmund.
Sigmund hits you from afar with a scythe of slicing!
* * * LOW HITPOINT WARNING * * *
x2
Casting: Flame Tongue
Confirm with . or Enter, or press ? or * to list all spells.
Aiming: Flame Tongue
Press: ? - help, Shift-Dir - straight line, f/p - Sigmund
Aim: Sigmund, wielding a scythe of slicing and wearing a robe (heavily wounded)
The flame tongue misses Sigmund.
Casting: Flame Tongue
Confirm with . or Enter, or press ? or * to list all spells.
Aiming: Flame Tongue
Press: ? - help, Shift-Dir - straight line, f/p - Sigmund
Aim: Sigmund, wielding a scythe of slicing and wearing a robe (heavily wounded)
The flame tongue hits Sigmund.
Sigmund is heavily wounded.
Sigmund hits you from afar with a scythe of slicing!
You die...

. ######.#### #......#
#.........# #.....$#
#.####....# #......#
#[........# #......#
#..##..##.#
......###......##.#
.@................#
####ยง##..###.#...#.##
#...@#...........#.##
#.##.........#.......
#.##..###.#..#####
.......# .....#
#######....##### #....
#....# #....# ....#


You could see Sigmund.

Vanquished Creatures
  An orc priest (D:3)
  A bullfrog skeleton (D:2)
  Ijyb (D:2)
  2 orc wizards (D:3)
  2 adders
  A dart slug (D:2)
  4 leopard geckos
  8 orcs
  A giant cockroach (D:3)
  12 goblins
  8 hobgoblins
  6 jackals
  10 kobolds
  2 quokkas (D:3)
  6 bats
  5 frilled lizards
  6 rats
76 creatures vanquished.

Notes
Turn   | Place    | Note
-------+----------+-------------------------------------------
     0 | D:1      | snakesoul the Deep Elf Fire Elementalist began the quest for the Orb.
     0 | D:1      | Reached XP level 1. HP: 10/10 MP: 6/6
   271 | D:1      | Reached XP level 2. HP: 15/15 MP: 6/8
   992 | D:1      | Found a sparkling altar of Nemelex Xobeh.
  1389 | D:2      | Reached XP level 3. HP: 8/19 MP: 1/10
  1680 | D:2      | Found a snail-covered altar of Cheibriados.
  1734 | D:2      | Noticed Ijyb
  1747 | D:2      | Killed Ijyb
  1846 | D:2      | Learned a level 3 spell: Conjure Flame
  1919 | D:2      | Reached XP level 4. HP: 19/24 MP: 7/12
  3081 | D:3      | Reached XP level 5. HP: 17/28 MP: 4/13
  3286 | D:3      | Noticed Sigmund
  3321 | D:3      | Learned a level 4 spell: Sticky Flame
  3553 | D:3      | Noticed a fire elemental
  3686 | D:3      | Found a stormy altar of Qazlal.
  3687 | D:3      | Noticed an air elemental
  3687 | D:3      | Noticed a water elemental
  3950 | D:3      | Slain by Sigmund

Skill      XL: |  1  2  3  4  5 |
---------------+----------------+-----
Conjurations   | 2 3 4 |  4.3
Spellcasting   | 4 |  4.6
Fire Magic     | 4 |  4.9
Dodging        | |  2.4
Stealth        | |  2.4

Action                   |  1- 3 |  4- 6 || total
-------------------------+-------+-------++-------
Melee: Unarmed           |     5 |       ||     5
       Dagger            |    33 |    12 ||    45
 Cast: Flame Tongue      |    55 |    85 ||   140
       Conjure Flame     |       |     1 ||     1
 Stab: Sleeping          |     2 |     1 ||     3
  Eat: Chunk             |     3 |     6 ||     9
Armor: Robe              |     3 |     8 ||    11
Dodge: Dodged            |    44 |    25 ||    69
